 Dungeon Crawl Stone Soup version 0.26.0-10-g1f06aea511 (webtiles) character file.

Game seed: 12374154298335814558

192 vatarom the Conjurer (level 5, -2/39 HPs)
             Began as a Draconian Conjurer on Jan 18, 2021.
             Slain by a bullfrog (4 damage)
             ... on level 3 of the Dungeon.
             The game lasted 00:08:03 (4362 turns).

vatarom the Conjurer (Draconian Conjurer)           Turns: 4362, Time: 00:08:04

Health: -2/39      AC:  6    Str:  9    XL:     5   Next: 42%
Magic:  1/9        EV: 12    Int: 19    God:
Gold:   66         SH:  6    Dex: 10    Spells: 3/9 levels left

rFire    . . .     SeeInvis .   i - +0 falchion (freeze)
rCold    . . .     Faith    .   d - +2 buckler
rNeg     . . .     Spirit   .   (armour unavailable)
rPois    .         Reflect  .   (helmet restricted)
rElec    .         Harm     .   (no cloak)
rCorr    .         Rampage  .   (no gloves)
Will     .....                  j - +0 pair of boots
Stlth    ++........             f - amulet of inaccuracy (curse)
HPRegen  0.13/turn              (no ring)
MPRegen  0.11/turn              (no ring)

@: no status effects
A: unfitting armour, cold-blooded, AC +5
a: no special abilities


You were on level 3 of the Dungeon.
You visited 1 branch of the dungeon, and saw 4 of its levels.

You collected 66 gold pieces.

Inventory:

Hand Weapons
 i - a +0 falchion of freezing (weapon)
Missiles
 n - 8 javelins
Armour
 d - a +2 buckler (worn)
 j - a +0 pair of boots (worn)
Jewellery
 c - an uncursed amulet of the acrobat
 f - a cursed amulet of inaccuracy (around neck)
Scrolls
 b - a scroll of teleportation {unknown}
 e - a scroll of magic mapping
 g - 2 scrolls of blinking {@r4}
 m - 2 scrolls of remove curse {unknown}
 o - a scroll of immolation {unknown}
Potions
 a - 2 potions of brilliance {unknown}
 h - a potion of haste {unknown}
 l - a potion of flight {unknown}


   Skills:
 * Level 0.7 Fighting
 - Level 1.7 Dodging
 - Level 1.7 Stealth
 - Level 2.8 Shields
 + Level 2.9 Spellcasting
 * Level 5.3 Conjurations


You had 3 spell levels left.
You knew the following spells:

 Your Spells              Type           Power        Failure   Level
a - Magic Dart            Conj           92%          1%          1
b - Searing Ray           Conj           46%          3%          2
c - Dazzling Flash        Conj/Hex       24%          19%         3

Your spell library contained the following spells:

 Spells                   Type           Power        Failure   Level
 Corona                   Hex            2%           19%         1
 Ensorcelled Hibernation  Hex/Ice        4%           26%         2
 Confusing Touch          Hex            2%           47%         3
 Tukima's Dance           Hex            2%           47%         3
 Fulminant Prism          Conj/Hex       6%           52%         4
 Iskenderun's Mystic Bla  Conj/Tloc      12%          52%         4


Dungeon Overview and Level Annotations

Branches:
Dungeon (4/15)
 Temple: D:4-7

Altars:
Trog

Annotations:
D:3 3 runed translucent doors, Dracia's ghost, amateur GnWn; Grinder
D:4 exclusion: ogre


Innate Abilities, Weirdness & Mutations

Your plain brown scales are hard. (AC +5)
You cannot fit into any form of body armour.
You are cold-blooded and may be slowed by cold attacks.


Message History

The bullfrog hits you!
* * * LOW HITPOINT WARNING * * *
You block the bullfrog's attack.
Your magical contamination has completely faded away.
Casting: Magic Dart (safe; 1% risk of failure)
Confirm with . or Enter, or press ? or * to list all spells.
Aiming: Magic Dart (safe; 1% risk of failure)
Press: ? - help, Shift-Dir - straight line, f/p - bullfrog
Aim: a bullfrog (severely wounded, 0% to evade)
The magic dart hits the bullfrog.
The bullfrog is almost dead.
The bullfrog hits you.
* * * LOW HITPOINT WARNING * * *
A kobold comes into view. It is wielding a +0 mace.
The bullfrog hits you.
* * * LOW HITPOINT WARNING * * *
The bullfrog barely misses you.
Unknown command.
The bullfrog hits you.
You die...

##.###..............#**
#...##.########...###
********* #......#
##.## *,,,,,,,,
#...#### #.# *,*******
##>## #.# *,* #.# #†#
*,* #.# #.######.* #.#
#########........* #.#
#......@F.#######*
#.#***#.#######)#
#..,,,...,,,,,..#
###***#.#****#..#
###.### #..# ******
#.[...# #..# **,,,,**
######.....####..#
**,,,,,,**
###..............K.#
*,,,,,,,,,
......##.....#####,*
*,,,,,,,,*


You could see a bullfrog.

Vanquished Creatures
  An orc priest (D:3)
  An iguana (D:3)
  3 adders
  3 gnolls (D:2)
  4 worms
  4 dart slugs
  8 orcs
  3 bats
  4 giant cockroaches
  3 goblins
  5 hobgoblins
  2 jackals (D:3)
  6 kobolds
  4 frilled lizards
  6 rats
57 creatures vanquished.

Notes
Turn   | Place    | Note
-------+----------+-------------------------------------------
     0 | D:1      | vatarom the Draconian Conjurer began the quest for the Orb.
     0 | D:1      | Reached XP level 1. HP: 14/14 MP: 3/3
   278 | D:1      | Reached XP level 2. HP: 18/22 MP: 1/5
   953 | D:2      | Learned a level 2 spell: Searing Ray
  1434 | D:2      | Reached skill level 1 in Shields
  1434 | D:2      | Reached XP level 3. HP: 27/27 MP: 4/6
  1987 | D:2      | Noticed an ogre
  2380 | D:3      | Found a runed translucent gate.
  2381 | D:3      | Found a runed translucent gate.
  2382 | D:3      | Found a runed translucent gate.
  2388 | D:3      | Noticed Dracia's ghost (amateur GnWn)
  2403 | D:3      | Found a bloodstained altar of Trog.
  2417 | D:3      | Reached XP level 4. HP: 30/34 MP: 1/7
  2651 | D:3      | Reached skill level 5 in Conjurations
  2731 | D:3      | Noticed Grinder
  2749 | D:2      | Reached XP level 5. HP: 25/39 MP: 5/9
  2824 | D:2      | Learned a level 3 spell: Dazzling Flash
  3131 | D:3      | Paralysed by Grinder for 3 turns
  3721 | D:4      | Noticed an ogre
  4362 | D:3      | Slain by a bullfrog

Illustrated notes

Levels and vault maps discovered:
D:1:      psy_arrival_wood_between_worlds, layout_rooms,
          minmay_misc_feat_nine_boxes, nrook_mini_vaults,
          chequers_serial_rivers_micro_c, minmay_pentomino_p2
D:2:      cheibrodos_helix_gallery, layout_basic, minmay_cut_off
D:3:      minmay_roachtagon, layout_loops_ring, bloody_trog,
          ebering_ghost_rock_garden, uniq_grinder, uniq_crazy_yiuf_cottage
D:4:      layout_loops_ring, vehumet_altar_wand_db, ashenzari_altar_1,
          corexii_checkpoint_a, uniq_eustachio, uniq_edmund

Skill      XL: |  1  2  3  4 |
---------------+-------------+-----
Shields        | 1 2 |  2.8
Conjurations   | 5 |  5.3
Fighting       | |  0.7
Dodging        | |  1.7
Stealth        | |  1.7
Spellcasting   | |  2.9

Action                   |  1- 3 |  4- 6 || total
-------------------------+-------+-------++-------
Melee: Unarmed           |    19 |       ||    19
       Tailslap          |    11 |     6 ||    17
       Hand axe          |    56 |       ||    56
       Falchion          |       |    90 ||    90
 Cast: Magic Dart        |    64 |    15 ||    79
       Searing Ray       |     6 |     5 ||    11
       Dazzling Flash    |       |     5 ||     5
  Use: Scroll            |     4 |     1 ||     5
       Potion            |     2 |     1 ||     3
 Stab: Sleeping          |     1 |       ||     1
Armor: Skin              |    21 |    29 ||    50
Dodge: Dodged            |    56 |    86 ||   142
Block: Buckler           |       |     5 ||     5
       Rpst.: Falchion   |       |    26 ||    26
